 Dungeon Crawl Stone Soup version 0.27-a0-1071-ga85bd9520d (webtiles) character file.

Game seed: 12679433721824564071

45 scammafunk the Cudgeller (level 3, 0/29 HPs)
             Began as a Human Berserker on Apr 24, 2021.
             Was a Follower of Trog.
             Succumbed to an adder's poison
             ... on level 2 of the Dungeon.
             The game lasted 00:03:42 (2073 turns).

scammafunk the Cudgeller (Human Berserker)          Turns: 2073, Time: 00:03:43

Health: 0/29       AC:  5    Str: 24    XL:     3   Next: 90%
Magic:  3/3        EV: 11    Int:  7    God:    Trog [*.....]
Gold:   32         SH:  0    Dex: 12    Spells: 2/2 levels left

rFire    . . .     SeeInvis .   a - +0 mace
rCold    . . .     Faith    .   (no shield)
rNeg     . . .     Spirit   .   h - +0 ring mail
rPois    .         Reflect  .   (no helmet)
rElec    .         Harm     .   (no cloak)
rCorr    .         Rampage  .   (no gloves)
Will     .....                  (no boots)
Stlth    +.........             (no amulet)
HPRegen  0.09/turn              e - +6 ring of strength
MPRegen  0.08/turn              (no ring)

@: lethally poisoned (0 -> -2), invisible
A: no striking features
a: Renounce Religion, Berserk


You were on level 2 of the Dungeon.
You worshipped Trog.
Trog was aware of your devotion.
You visited 1 branch of the dungeon, and saw 2 of its levels.

You collected 32 gold pieces.

Inventory:

Hand Weapons
 a - a +0 mace (weapon)
Armour
 h - a +0 ring mail (worn)
Jewellery
 e - a +6 ring of strength (left hand)
 f - a ring of protection from cold
Scrolls
 b - a scroll of teleportation {unknown}
 g - a scroll of identify {unknown}
 i - a scroll of enchant armour {unknown}
Potions
 c - a potion of flight {unknown}
 d - a potion of invisibility


   Skills:
 + Level 3.4 Fighting
 + Level 3.4 Maces & Flails
 + Level 2.5 Armour
 + Level 2.5 Dodging


You had 2 spell levels left.
You didn't know any spells.
Your spell library was empty.

Dungeon Overview and Level Annotations

Branches:
Dungeon (2/15)

Altars:

Shops:
D:1 [


Message History

The adder bites you.
You are more poisoned.
The adder poisons you!
You closely miss the adder.
You feel very sick. The adder bites you but does no damage.
You hit the adder.
The adder is lightly wounded.
You feel sick. The adder bites you. x2
You are too injured to fight recklessly!
You are too injured to fight recklessly!
You are too injured to fight recklessly!
You are too injured to fight recklessly!
You are too injured to fight recklessly!
You are too injured to fight recklessly!
You are too injured to fight recklessly!
You are too injured to fight recklessly!
You are too injured to fight recklessly!
You are too injured to fight recklessly!
You are too injured to fight recklessly!
You are too injured to fight recklessly!
You are too injured to fight recklessly!
You are too injured to fight recklessly!
You are too injured to fight recklessly!
You are too injured to fight recklessly!
You barely miss the adder.
The adder is lightly wounded.
You feel sick. The adder barely misses you.
You miss the adder.
The adder is lightly wounded.
You feel sick. The adder bites you.
* * * LOW HITPOINT WARNING * * *
The adder barely misses you.
You barely miss the adder.
The adder is lightly wounded.
You feel sick. The adder barely misses you. The adder bites you.
* * * LOW HITPOINT WARNING * * *
It was a potion of invisibility.
You fade into invisibility!
You die...

####.....##### #.#
#....#..## ####.#
..####......####....#
### #.####<...#....#
..####.# #.#....#
........ ......#
..###..# .....# ..#
#.## #S...# ..###.#
#@...# #.....# #....#
#..#..# ####.####
##.#..### #......#
#.†#...# #......#
##...#.#####......#
##..##....##......#
#......##.........#
#......#####......#


You could see an adder.

Vanquished Creatures
  A worm (D:2)
  A dart slug (D:1)
  6 ball pythons
  3 endoplasms (D:2)
  2 giant cockroaches
  5 goblins
  A hobgoblin (D:1)
  3 jackals (D:2)
  4 quokkas
  4 bats
  A kobold (D:1)
  2 rats
33 creatures vanquished.

Notes
Turn   | Place    | Note
-------+----------+-------------------------------------------
     0 | D:1      | scammafunk the Human Berserker began the quest for the Orb.
     0 | D:1      | Reached XP level 1. HP: 18/18 MP: 1/1
   268 | D:1      | Reached XP level 2. HP: 24/24 MP: 2/2
   423 | D:1      | Found Beuliem's Armour Emporium.
   993 | D:2      | Reached XP level 3. HP: 29/29 MP: 3/3
  2072 | D:2      | HP: 1/29 [adder (3)]
  2073 | D:2      | Succumbed to an adder's poison

Illustrated notes

Levels and vault maps discovered:
D:1:      dpeg_arrival_radiant, layout_basic, serial_forest,
          infiniplex_forest_clump_small, infiniplex_forest_clump_tiny,
          infiniplex_forest_zigzag_2, infiniplex_forest_lined_corner,
          infiniplex_forest_end_2, serial_shops, shop
D:2:      layout_rooms

Action                   || total
-------------------------++-------
Melee: Mace              ||   106
  Use: Scroll            ||     1
       Potion            ||     1
 Stab: Sleeping          ||     1
Armor: Animal skin       ||    16
       Ring mail         ||     9
Dodge: Dodged            ||    78

Table legend: (Time is in decaauts)
 A = Elapsed time spent in this place.
 B = Non-inter-level travel time spent in this place.
 C = Inter-level travel time spent in this place.
 D = Time resting spent in this place.
 E = Time spent auto-exploring this place.
 F = Levels seen in this place.
 G = Mean time per level.
                   A        B        C        D        E       F      G
               +--------+--------+--------+--------+--------+-----+--------+
         Total |   2097 |   2055 |     42 |    172 |   1609 |   2 | 1048.5 |
       Dungeon |   2097 |   2055 |     42 |    172 |   1609 |   2 | 1048.5 |
               +--------+--------+--------+--------+--------+-----+--------+

Top non-repeatable levels by time:
     D:2: 1141 daAuts
     D:1: 956 daAuts
